 Dungeon Crawl Stone Soup version 0.19.1-1-g22dce08 (webtiles) character file.

32 sose the Chiller (level 3, 0/21 HPs)
             Began as an Octopode Ice Elementalist on Dec 29, 2016.
             Killed from afar by Natasha (7 damage)
             ... with a magic dart
             ... on level 2 of the Dungeon.
             The game lasted 00:05:17 (1079 turns).

sose the Chiller (Octopode Ice Elementalist)        Turns: 1079, Time: 00:05:17

Health: 0/21       AC:  1    Str:  7    XL:     3   Next: 25%
Magic:  0/6        EV: 13    Int: 18    God:
Gold:   79         SH:  0    Dex: 12    Spells: 2 memorised, 3 levels left

rFire  . . .     SeeInvis .     c - +0 dagger
rCold  . . .     Gourm    .     (no shield)
rNeg   . . .     Faith    .     (helmet restricted)
rPois  .         Spirit   .     (no amulet)
rElec  .         Reflect  .     (no ring)
rCorr  .         Harm     .     (no ring)
MR     .....                    (no ring)
Stlth  +++.......               (no ring)
                                (no ring)
                                (no ring)
                                (no ring)
                                (no ring)

@: no status effects
A: almost no armour, stealthy swim, amphibious, 8 rings, constrict 8, camouflage
1, gelatinous body 1
a: no special abilities


You were on level 2 of the Dungeon.
You were very hungry.

You visited 1 branch of the dungeon, and saw 2 of its levels.

You collected 79 gold pieces.

Inventory:

Hand Weapons
 c - a +0 dagger (weapon)
 k - a +0 hunting sling
Scrolls
 d - a scroll of teleportation {unknown}
 e - 2 scrolls of magic mapping {unknown}
 f - a scroll of remove curse {unknown}
 g - 3 scrolls of identify {unknown}
 h - a scroll of enchant armour {unknown}
 l - a scroll of recharging {unknown}
 n - a scroll of random uselessness {unknown}
Potions
 i - 2 potions of might {unknown}
 j - a potion of curing {unknown}
 m - a potion of mutation {unknown}
Books
 a - a book of Frost

   Spells                             Type                      Level
   a - Freeze                         Ice                          1
   b - Throw Frost                    Conjuration/Ice              2
   c - Ozocubu's Armour               Charms/Ice                   3
   d - Throw Icicle                   Conjuration/Ice              4
   e - Summon Ice Beast               Ice/Summoning                4
Comestibles
 b - a bread ration


   Skills:
 - Level 2.0 Dodging
 - Level 2.6 Stealth
 - Level 2.1 Spellcasting
 + Level 1.5 Conjurations
 - Level 4.0 Ice Magic


You had 3 spell levels left.
You knew the following spells:

 Your Spells              Type           Power        Failure   Level  Hunger
a - Freeze                Ice            ###.         3%          1    #......
b - Throw Frost           Conj/Ice       ##....       12%         2    ###....


Dungeon Overview and Level Annotations

Branches:
Dungeon (2/15)

Altars:

Annotations:
D:2 Natasha, Sigmund


Innate Abilities, Weirdness & Mutations

You cannot wear most types of armour.
You are very stealthy in the water. (Stealth+)
You are amphibious.
You can wear up to eight rings at the same time.
You can use your tentacles to constrict eight enemies at once.
Your skin changes colour to match your surroundings (Stealth+).
Your rubbery body absorbs attacks. (AC +1, EV +1)


Message History

Confirm with . or Enter, or press ? or * to list all spells.
Aiming: Freeze
Press: ? - help, Shift-Dir - straight line, f/p - Natasha
Aim: Natasha (heavily wounded)
You freeze Natasha.
Natasha is almost dead.
Natasha misses you.
You closely miss Natasha. Your grab misses Natasha.
Your squeeze misses Natasha.
Natasha is almost dead.
Natasha mumbles some strange words.
You closely miss Natasha. Your grab misses Natasha.
Natasha is almost dead.
Natasha claws you!
You barely miss Natasha. You grab Natasha.
Natasha is almost dead.
You constrict Natasha, but do no damage.
Natasha casts a spell at you. The magic dart hits you!
You die...

.###... ..............#...#.....
.##..##...>........$5............
....# ..............#...#........
...##..##.## #...h...)...........
...##.# #...##...##..............
......# ##.....###........?.....
#...### ##..........##.......#.##
..#...###........h5........#...
................@.####....##
...........##.###.####......
........##....###.....##...##
........#####..###...=......
.......######..###.†..... .
.##...................... #
####........####......@
#........# ....... #........#
.<.....


You could see Natasha and a crimson imp.

Vanquished Creatures
  A worm (D:2)
  A leopard gecko (D:1)
  A giant cockroach (D:1)
  6 hobgoblins
  2 kobolds
  A quokka (D:2)
  6 bats
  2 frilled lizards
  A goblin (D:2)
  8 rats
29 creatures vanquished.

Notes
Turn   | Place    | Note
-------+----------+-------------------------------------------
     0 | D:1      | sose the Octopode Ice Elementalist began the quest for the Orb.
     0 | D:1      | Reached XP level 1. HP: 11/11 MP: 3/3
   117 | D:1      | Reached XP level 2. HP: 17/17 MP: 5/5
   711 | D:2      | Reached skill level 4 in Ice Magic
   722 | D:2      | Reached XP level 3. HP: 14/21 MP: 4/6
   760 | D:2      | Learned a level 2 spell: Throw Frost
   763 | D:2      | Noticed Natasha
  1032 | D:2      | Noticed Sigmund
  1079 | D:2      | Killed from afar by Natasha

Skill      XL: |  1  2 |
---------------+-------+-----
Ice Magic      | 4 |  4.0
Dodging        | |  2.0
Stealth        | |  2.6
Spellcasting   | |  2.1
Conjurations   | |  1.5

Action                   || total
-------------------------++-------
Melee: Dagger            ||    50
       Constrict         ||    14
       Tentacles         ||     7
 Cast: Freeze            ||    12
       Throw Frost       ||     7
 Stab: Sleeping          ||     6
Armor: Skin              ||     4
Dodge: Dodged            ||    44
